[Event "Titled Tuesday Blitz November 15 Early 2022"]
[White "Tristan, Leonardo"]
[Black "Tymrakiewicz, Rafal"]
[WhiteFideId "113816"]
[BlackFideId "1108832"]
[WhiteElo "2461"]
[BlackElo "2138"]
[Result "1-0"]
[Round "06"]
[TimeControl "180+1"]
[Date "2022.11.16"]
[WhiteClock "0:01:43"]
[BlackClock "0:00:06"]

1. d4 Nf6 2. Nf3 d6 3. Bf4 Nbd7 4. h3 g6 5. e3 Bg7 6. Be2 O-O 7. O-O e6 8. c4 Qe7 9. Nc3 e5 10. Bh2 c6 11. b4 Ne8 12. c5 d5 13. a4 f5 14. b5 g5 15. a5 a6 16. bxc6 bxc6 17. Na4 e4 18. Nd2 f4 19. Bg4 h5 20. Bxh5 Ndf6 21. Bg6 f3 22. Nb6 fxg2 23. Kxg2 Qe6 24. Nxc8 Rxc8 25. Bh5 Bh6 26. Bg4 Nxg4 27. Qxg4 Qxg4+ 28. hxg4 Nc7 29. Bxc7 Rxc7 30. Rab1 Rcf7 31. Rb6 Rf6 32. Rxa6 Bg7 33. Rb6 Re6 34. a6 Ra8 35. Ra1 Re7 36. Rb7 Rxb7 37. axb7 Rxa1 38. b8=Q+ Kh7 39. Nf1 1-0


[Site "https://www.chess.com"]

[Event "Titled Tuesday Blitz November 15 Early 2022"]
[White "Valle Maytin, Luis Enrique"]
[Black "Garv Gaur"]
[WhiteFideId "3503666"]
[BlackFideId "45030839"]
[WhiteElo "2225"]
[BlackElo "1960"]
[Result "1-0"]
[Round "06"]
[TimeControl "180+1"]
[Date "2022.11.16"]
[WhiteClock "0:00:42"]
[BlackClock "0:00:39"]

1. e4 c6 2. d4 d5 3. e5 Bf5 4. g4 Be4 5. f3 Bg6 6. e6 fxe6 7. h4 Qd6 8. Ne2 Nd7 9. h5 Bf7 10. f4 g5 11. Qd3 gxf4 12. Bxf4 e5 13. dxe5 Nxe5 14. Qg3 Bg7 15. h6 Nxh6 16. Rxh6 Bxh6 17. Bxe5 Qb4+ 18. Bc3 Qe4 19. Bxh8 Qxc2 20. Bc3 O-O-O 21. Na3 Qa4 22. g5 Bf8 23. Qf4 Qxf4 24. Nxf4 e5 25. Bh3+ Kc7 26. Bxe5+ Kb6 27. Bd4+ c5 28. Bf2 Re8+ 29. Kf1 d4 30. b3 Bd6 31. Nd3 Kc7 32. Nb5+ Kc6 33. Nxd6 Kxd6 34. Bg3+ Kc6 35. Bg2+ Kb6 36. Re1 Rf8 37. Kg1 Bg6 38. Bd6 Bxd3 39. Bxf8 1-0


[Site "https://www.chess.com"]

[Event "Titled Tuesday Blitz November 15 Early 2022"]
[White "Vargas, Mauricio"]
[Black "Manon-og, Ramon Jr."]
[WhiteFideId "4404572"]
[BlackFideId "5200776"]
[WhiteElo "2025"]
[BlackElo "2303"]
[Result "0-1"]
[Round "06"]
[TimeControl "180+1"]
[Date "2022.11.16"]
[WhiteClock "0:00:03"]
[BlackClock "0:00:35"]

1. e4 c5 2. Nc3 d6 3. f4 g6 4. Nf3 Bg7 5. Bc4 e6 6. O-O Ne7 7. a4 O-O 8. d3 Nbc6 9. Qe1 d5 10. Bb5 Nd4 11. Nxd4 cxd4 12. Ne2 a6 13. exd5 axb5 14. dxe6 Bxe6 15. a5 Nf5 16. Qb4 Ne3 17. Bxe3 dxe3 18. Qxb5 Qd5 19. Qxd5 Bxd5 20. c3 Rfc8 21. d4 Bc4 22. Rfe1 Bh6 23. g3 g5 24. fxg5 Bxg5 25. Kg2 Ra6 26. Nf4 Bxf4 27. gxf4 e2 28. Kf2 Rcc6 29. Ra3 Rh6 30. Rh1 Bd5 31. Re1 Rxh2+ 32. Ke3 Re6+ 33. Kd2 Bf3 34. b3 Rh1 35. Raa1 Rxe1 36. Rxe1 h5 37. d5 Bxd5 38. c4 Bf3 39. b4 h4 40. Rh1 Bxh1 41. Ke1 Bf3 42. Kf2 e1=Q+ 43. Kxf3 Qg3# 0-1


[Site "https://www.chess.com"]

[Event "Titled Tuesday Blitz November 15 Early 2022"]
[White "Vasques, Antonio Pedro Freixial"]
[Black "Volkov, Maksim"]
[WhiteFideId "1908332"]
[BlackFideId "54123070"]
[WhiteElo "2243"]
[BlackElo "2257"]
[Result "0-1"]
[Round "06"]
[TimeControl "180+1"]
[Date "2022.11.16"]
[WhiteClock "0:01:04"]
[BlackClock "0:01:29"]

1. e4 c5 2. Nc3 d6 3. Nf3 Nf6 4. d4 cxd4 5. Nxd4 a6 6. Be3 e5 7. Nb3 Be7 8. f3 Be6 9. Qd2 h5 10. O-O-O Nbd7 11. Kb1 Rc8 12. h3 b5 13. Rg1 b4 14. Na4 a5 15. g4 hxg4 16. hxg4 g6 17. Ba6 Rb8 18. Rh1 Rg8 19. Qe2 Qc7 20. g5 Nh5 21. Rxh5 gxh5 22. f4 exf4 23. Bxf4 Bg4 0-1


[Site "https://www.chess.com"]

[Event "Titled Tuesday Blitz November 15 Early 2022"]
[White "Vlassov, Nikolai"]
[Black "Stijve, Theo"]
[WhiteFideId "4103360"]
[BlackFideId "1331132"]
[WhiteElo "2324"]
[BlackElo "2256"]
[Result "0-1"]
[Round "06"]
[TimeControl "180+1"]
[Date "2022.11.16"]
[WhiteClock "0:00:06"]
[BlackClock "0:00:23"]

1. e4 c6 2. d4 d5 3. e5 Bf5 4. Nf3 e6 5. Be2 h6 6. O-O Nd7 7. Nbd2 g5 8. Nb3 Ne7 9. Bd2 Bg7 10. a4 a6 11. a5 c5 12. Nxc5 Nxc5 13. dxc5 Qc7 14. b4 g4 15. Nd4 Bxe5 16. Nxf5 Nxf5 17. Bxg4 Bxa1 18. Qxa1 O-O-O 19. Bxf5 exf5 20. b5 axb5 21. a6 bxa6 22. Qxa6+ Qb7 23. Qf6 Rhg8 24. Ra1 Rde8 25. Qxf5+ Re6 26. Ra3 d4 27. f3 Re8 28. h3 Qd7 29. Bf4 Re1+ 30. Kh2 Qxf5 31. Bg3 Rf1 32. c6 Kd8 33. Bd6 Qc8 34. c7+ Qxc7 35. Bxc7+ Kxc7 36. Ra7+ Kb6 37. Rxf7 Re2 38. Rf6+ Kc5 39. Rxh6 Rff2 40. h4 Rxc2 41. Kh3 Rxg2 42. h5 Rh2+ 43. Kg4 Rcg2+ 44. Kf5 d3 0-1


[Site "https://www.chess.com"]

[Event "Titled Tuesday Blitz November 15 Early 2022"]
[White "Wagner, Dennis"]
[Black "Gonzalez, Francisco Silva"]
[WhiteFideId "24650684"]
[BlackFideId "1512285"]
[WhiteElo "2470"]
[BlackElo "2159"]
[Result "1-0"]
[Round "06"]
[TimeControl "180+1"]
[Date "2022.11.16"]
[WhiteClock "0:00:03"]
[BlackClock "0:00:05"]

1. d4 Nf6 2. Nf3 d5 3. c4 e6 4. g3 dxc4 5. Bg2 Nc6 6. Qa4 Bb4+ 7. Bd2 Nd5 8. Qb5 Bxd2+ 9. Nbxd2 c3 10. bxc3 Nxc3 11. Qb3 Nd5 12. O-O O-O 13. Rfc1 a5 14. a3 Ra7 15. Rab1 Nf6 16. e3 Bd7 17. Nc4 b6 18. Nfe5 Nxe5 19. Nxe5 Qe7 20. Bc6 Qd6 21. Bxd7 Nxd7 22. Rc6 Qe7 23. Nxd7 Qxd7 24. Rbc1 g6 25. Qc4 Qe7 26. a4 Qa3 27. h4 h5 28. Kg2 Kg7 29. Qb5 Kg8 30. R1c4 Rd8 31. Qe5 Rd7 32. e4 Qe7 33. Qf4 Kg7 34. Qe5+ Kg8 35. Qf4 Kg7 36. Qe3 Ra8 37. Qc3 Ra7 38. d5+ Kg8 39. dxe6 fxe6 40. Qe5 Kf7 41. Qf4+ Kg7 42. Rc3 e5 43. Qe3 Rd6 44. R3c4 Rxc6 45. Rxc6 Ra8 46. Qc3 Rc8 47. f4 Kh6 48. f5 Kh7 49. fxg6+ Kh6 50. Qd2+ Kg7 51. Qc3 Kh6 52. Kh2 Rf8 53. Qc1+ Rf4 54. Rxc7 Qf6 55. Rc6 Qe7 56. Kg2 Qa3 57. Qxa3 Rf3 58. Qxf3 1-0


[Site "https://www.chess.com"]

[Event "Titled Tuesday Blitz November 15 Early 2022"]
[White "Willow, Jonah B"]
[Black "Yaran, Siar"]
[WhiteFideId "438804"]
[BlackFideId "6323006"]
[WhiteElo "2300"]
[BlackElo "2191"]
[Result "1-0"]
[Round "06"]
[TimeControl "180+1"]
[Date "2022.11.15"]
[WhiteClock "0:00:33"]
[BlackClock "0:00:03"]

1. e4 e5 2. Nf3 Nc6 3. Nc3 Nf6 4. Bb5 Nd4 5. Bc4 Bc5 6. d3 d6 7. Na4 b5 8. Nxd4 bxc4 9. Nf3 Bb6 10. Bg5 cxd3 11. Qxd3 h6 12. Bh4 g5 13. Bg3 Bb7 14. Nc3 Qd7 15. O-O-O Qe6 16. Kb1 Rb8 17. Rhe1 Kf8 18. Nd5 Nxd5 19. exd5 Qg6 20. Qxg6 fxg6 21. c4 a5 22. Nd2 Ke7 23. Ne4 Rhf8 24. f3 Bc8 25. c5 Ba7 26. Bf2 Ra8 27. Rc1 dxc5 28. Nxc5 Bf5+ 29. Ka1 Kf7 30. g4 Bc8 31. Bg3 Rd8 32. Rxe5 Rb8 33. Ne6 Rd7 34. Nxc7 Bb7 35. Nb5 Ba6 36. Nxa7 Rxa7 37. d6 Rb5 38. Rxb5 Bxb5 39. Rc7+ Rxc7 40. dxc7 Ba6 41. b3 Ke6 42. Kb2 Kd7 43. f4 gxf4 44. Bxf4 g5 45. Be5 Be2 46. Ka3 Bxg4 47. Ka4 Kc8 48. Kxa5 Kb7 49. a4 Bd7 50. Kb4 h5 51. Kc5 g4 52. a5 h4 53. b4 g3 54. hxg3 hxg3 55. Bxg3 Ka6 56. Be1 Kb7 57. Bg3 Ka6 58. Bf4 1-0


[Site "https://www.chess.com"]

[Event "Titled Tuesday Blitz November 15 Early 2022"]
[White "Winterberg, Lukas"]
[Black "Tsaruk, Maksim"]
[WhiteFideId "24622702"]
[BlackFideId "13511173"]
[WhiteElo "2349"]
[BlackElo "2300"]
[Result "0-1"]
[Round "06"]
[TimeControl "180+1"]
[Date "2022.11.16"]
[WhiteClock "0:00:02"]
[BlackClock "0:00:38"]

1. Nf3 Nf6 2. c4 d5 3. cxd5 Nxd5 4. d4 Bf5 5. Nc3 c6 6. Qb3 Qb6 7. Qxb6 axb6 8. Nxd5 cxd5 9. e3 Nc6 10. Bb5 f6 11. O-O e6 12. Bd2 Bd6 13. Rfc1 Kd7 14. a3 Rhc8 15. Rc3 Kd8 16. Rac1 Na7 17. Be2 Rxc3 18. Rxc3 Rc8 19. Rxc8+ Nxc8 20. h3 g5 21. Ne1 Ne7 22. f3 h5 23. g4 Bg6 24. Bd3 f5 25. Kf2 h4 26. Bb4 Bg3+ 27. Ke2 fxg4 28. Bxe7+ Kxe7 29. fxg4 Be8 30. Nf3 Kf6 31. e4 dxe4 32. Bxe4 Bb5+ 33. Bd3 Bc6 34. Ke3 Bf4+ 35. Ke2 Bc1 36. b3 Bxa3 37. Kf2 Bd6 38. Nd2 Bg3+ 39. Kf1 Bf4 40. Ne4+ Ke7 41. Nc3 Be3 42. Ne2 Bd5 43. Bc4 Kd6 44. Nc3 Bf3 45. Nb5+ Kd7 46. Be2 Bd5 47. Bc4 Kc6 48. Nc3 Bxc4+ 49. bxc4 Bxd4 50. Ne4 Be3 51. Ke2 Bf4 52. Kd3 b5 53. cxb5+ Kxb5 54. Kc3 Kc6 55. Kc4 b5+ 56. Kb3 Kd5 57. Nc3+ Kc5 58. Ne4+ Kd4 59. Nc3 Ke3 60. Nxb5 Kf3 61. Nd4+ Kg3 62. Nxe6 Kxh3 63. Nxf4+ Kxg4 64. Nd3 h3 65. Kc3 h2 66. Nf2+ Kf3 67. Nh1 g4 0-1


[Site "https://www.chess.com"]

[Event "Titled Tuesday Blitz November 15 Early 2022"]
[White "Xiong, Jeffery"]
[Black "Tarigan, Gilbert Elroy"]
[WhiteFideId "2047640"]
[BlackFideId "7108133"]
[WhiteElo "2725"]
[BlackElo "2284"]
[Result "1-0"]
[Round "06"]
[TimeControl "180+1"]
[Date "2022.11.15"]
[WhiteClock "0:01:58"]
[BlackClock "0:00:44"]

1. Nf3 Nf6 2. g3 d5 3. c4 e6 4. Bg2 Be7 5. O-O O-O 6. b3 a5 7. Nc3 c6 8. Bb2 Na6 9. e3 Nc5 10. d4 Nce4 11. Ne5 Nxc3 12. Bxc3 Ne4 13. Be1 f6 14. Nd3 a4 15. b4 Nd6 16. c5 Nc4 17. Bc3 a3 18. Rb1 Bd7 19. e4 Be8 20. Re1 Qd7 21. b5 cxb5 22. exd5 exd5 23. Nf4 Bf7 24. Qb3 g5 25. Qxb5 Qxb5 26. Rxb5 gxf4 27. Rxe7 Rfe8 28. Rxf7 Kxf7 29. Bxd5+ Kg6 30. Bxc4 Re7 31. Bd3+ Kg7 32. gxf4 1-0


[Site "https://www.chess.com"]

[Event "Titled Tuesday Blitz November 15 Early 2022"]
[White "Zaichenko, Daria"]
[Black "Aggelis, Nikolaos"]
[WhiteFideId "4197453"]
[BlackFideId "4213220"]
[WhiteElo "2039"]
[BlackElo "2189"]
[Result "0-1"]
[Round "06"]
[TimeControl "180+1"]
[Date "2022.11.16"]
[WhiteClock "0:00:09"]
[BlackClock "0:00:30"]

1. e4 c6 2. d4 d5 3. Nc3 dxe4 4. Nxe4 Nf6 5. Nxf6+ exf6 6. c3 Bd6 7. Bd3 O-O 8. Be3 Re8 9. Qc2 h5 10. O-O-O b5 11. Kb1 a5 12. h3 a4 13. g4 h4 14. Bc1 Be6 15. f4 Bd5 16. Rh2 Qc7 17. Ne2 Bf3 18. Rf2 Bxe2 19. Rxe2 Nd7 20. Rxe8+ Rxe8 21. Qf2 Nb6 22. Qxh4 g6 23. g5 f5 24. Rg1 Nd5 25. Bxf5 Bxf4 26. Bd3 Bxc1 27. Rxc1 Re3 28. Be4 a3 29. Bxd5 cxd5 30. Qf2 Qe7 31. b3 Re2 32. Qf3 Re1 33. Kc2 Rxc1+ 34. Kxc1 Qxg5+ 35. Kc2 Qg1 36. Qxd5 Qf2+ 37. Kd3 Qxa2 38. Qxb5 Qb1+ 39. Ke3 a2 40. Qb8+ Kh7 41. Qf4 Qc1+ 42. Ke4 Qxf4+ 43. Kxf4 a1=Q 0-1


[Site "https://www.chess.com"]

[Event "Titled Tuesday Blitz November 15 Early 2022"]
[White "Zanette, Edgard Vinicius"]
[Black "Tregubov, Pavel V."]
[WhiteFideId "2109263"]
[BlackFideId "4115341"]
[WhiteElo "2211"]
[BlackElo "2448"]
[Result "1/2-1/2"]
[Round "06"]
[TimeControl "180+1"]
[Date "2022.11.16"]
[WhiteClock "0:00:11"]
[BlackClock "0:00:24"]

1. d4 Nf6 2. Bf4 d5 3. e3 c5 4. c3 Nc6 5. Nf3 cxd4 6. exd4 Bf5 7. Qb3 Qb6 8. Qxb6 axb6 9. Nbd2 e6 10. Bb5 Nd7 11. Nh4 Bc2 12. O-O h6 13. Bg3 Be7 14. Rfc1 Bh7 15. Nhf3 O-O 16. a4 Rfc8 17. Re1 Nf6 18. h3 Ne4 19. Nxe4 Bxe4 20. Ne5 Nxe5 21. Bxe5 f6 22. Bf4 Kf7 23. f3 Bf5 24. g4 Bc2 25. Bd7 Rc6 26. Bxc6 bxc6 27. Re2 Rxa4 28. Rxa4 Bxa4 29. b4 b5 30. Bc7 Bd1 31. Re3 Bb3 32. Kg2 g6 33. Bf4 Bf8 34. Bc7 Be7 35. h4 f5 36. Kg3 h5 37. gxh5 gxh5 38. Bf4 Bc2 39. Re2 Bb3 40. Kh3 Bd1 41. Ra2 Ba4 42. Kg3 Bf6 43. Bg5 Bg7 44. Kf4 Kg6 45. Re2 Kf7 46. Rg2 Bb3 47. Bd8 Bd1 48. Ra2 Ba4 49. Bc7 Bf6 50. Be5 Bxh4 51. Rh2 Be1 52. Rxh5 Bxc3 53. Rh7+ Ke8 54. Rh8+ Kd7 55. Rh7+ Ke8 56. Rh8+ Kd7 57. Rh7+ Ke8 1/2-1/2


[Site "https://www.chess.com"]

[Event "Titled Tuesday Blitz November 15 Early 2022"]
[White "Zeydan, Salih"]
[Black "Ristic, Nebojsa B"]
[WhiteFideId "6361722"]
[BlackFideId "935468"]
[WhiteElo "1988"]
[BlackElo "2320"]
[Result "0-1"]
[Round "06"]
[TimeControl "180+1"]
[Date "2022.11.16"]
[WhiteClock "0:00:10"]
[BlackClock "0:00:09"]

1. e4 Nc6 2. Nf3 d6 3. Nc3 Nf6 4. h3 g6 5. d4 Bg7 6. Be2 O-O 7. O-O a6 8. a4 e5 9. Be3 exd4 10. Nxd4 Bd7 11. Qd2 Re8 12. f3 Nh5 13. Rfe1 Qh4 14. Bf2 Qf4 15. Qxf4 Nxf4 16. Nxc6 Nxe2+ 17. Rxe2 Bxc6 18. Rd1 Bxc3 19. bxc3 Bxa4 20. Rd4 Bc6 21. c4 b6 22. Bg3 f6 23. f4 Re6 24. e5 Rae8 25. Rd3 fxe5 26. fxe5 dxe5 27. Rde3 a5 28. Rxe5 Rxe5 29. Rxe5 Rc8 30. Re7 Ba4 31. Rxc7 Rd8 32. c5 bxc5 33. Rxc5 Rd1+ 34. Kh2 Rd2 35. c4 Be8 36. Rc8 Kf7 37. Rc7+ Ke6 38. c5 Rc2 39. Bd6 a4 40. Re7+ Kd5 41. Rxe8 a3 42. Ra8 a2 43. Bf8 h5 44. Kg1 h4 45. Be7 Rb2 46. Kh2 Kc6 47. Bxh4 Kxc5 48. Bf6 Rf2 49. Bd8 Kd5 50. Ra5+ Ke4 51. Ra4+ Kd3 52. Kg3 Rc2 53. Ra3+ Kc4 54. Bf6 Kd5 55. Ra6 Ke4 56. Kh2 Kf5 57. Bg7 g5 58. Rb6 Rc7 59. Bd4 Ke4 60. Bb2 Ra7 61. Ba1 Kf4 62. Rf6+ Ke4 63. Kg3 Rb7 64. Kg4 Rb1 65. Re6+ Kd5 66. Re5+ Kd6 67. Bd4 Rb4 68. Re4 Kd5 69. Re2 Rxd4+ 70. Kxg5 a1=Q 71. Re8 Kc4 72. Rc8+ Kd3 73. Rd8 Qa5+ 74. Rd5 Qxd5+ 0-1


[Site "https://www.chess.com"]

[Event "Titled Tuesday Blitz November 15 Early 2022"]
[White "Zivkovic, Nemanja"]
[Black "Madaminov, Mukhiddin"]
[WhiteFideId "942154"]
[BlackFideId "14210703"]
[WhiteElo "2372"]
[BlackElo "2341"]
[Result "0-1"]
[Round "06"]
[TimeControl "180+1"]
[Date "2022.11.15"]
[WhiteClock "0:00:07"]
[BlackClock "0:00:46"]

1. b3 Nf6 2. Bb2 g6 3. Nf3 Bg7 4. c4 O-O 5. e3 c6 6. Be2 d5 7. O-O a5 8. a3 Bg4 9. d3 Nbd7 10. Nbd2 e6 11. Qc2 Rc8 12. h3 Bxf3 13. Nxf3 b5 14. Rfd1 Qb6 15. Rab1 h6 16. Rdc1 Qb7 17. Bc3 b4 18. Bb2 Nc5 19. a4 Nfd7 20. Bxg7 Kxg7 21. d4 Ne4 22. Qb2 Nc3 23. Rxc3 bxc3 24. Qxc3 Qc7 25. Ne1 Nf6 26. Nd3 Ne4 27. Qc2 Rfd8 28. Bf3 Nf6 29. Rc1 Qb8 30. Qc3 Qb6 31. g3 Rb8 32. Rb1 Kg8 33. Kg2 Nd7 34. h4 h5 35. Be2 Rdc8 36. Qe1 c5 37. cxd5 cxd4 38. dxe6 Qxe6 39. exd4 Re8 40. Nf4 Qe4+ 41. Kg1 Nf6 42. Rd1 Rxb3 43. Qxa5 Rb2 44. Bf1 Qf3 45. Rd2 Rb1 46. Qc3 Rxf1+ 47. Kxf1 Qh1# 0-1


[Site "https://www.chess.com"]

[Event "Titled Tuesday Blitz November 15 Early 2022"]
[White "Abdusattorov, Nodirbek"]
[Black "Deac, Bogdan-Daniel"]
[WhiteFideId "14204118"]
[BlackFideId "1226380"]
[WhiteElo "2665"]
[BlackElo "2648"]
[Result "1-0"]
[Round "07"]
[TimeControl "180+1"]
[Date "2022.11.15"]
[WhiteClock "0:00:52"]
[BlackClock "0:00:03"]

1. a3 e5 2. c4 Nf6 3. d3 d5 4. cxd5 Nxd5 5. Nf3 Bd6 6. e3 c5 7. Be2 Nc6 8. O-O O-O 9. b3 a5 10. Bb2 Re8 11. Qc2 Be6 12. Nc3 Nxc3 13. Bxc3 Bd5 14. Rfd1 Rc8 15. Bb2 b5 16. Nd2 Qg5 17. Bf1 Qg6 18. Ne4 Bf8 19. Kh1 b4 20. Nd2 h5 21. Nc4 Rb8 22. a4 f6 23. Rac1 Rbd8 24. Qe2 h4 25. h3 Be6 26. Qf3 Bd5 27. Qg4 Qh6 28. Be2 g6 29. e4 Be6 30. Qf3 Qg7 31. Qe3 Qc7 32. Bg4 Bxg4 33. hxg4 g5 34. Qf3 Kg7 35. Ne3 Be7 36. Nf5+ Kg8 37. Rc2 Qd7 38. Bc1 Qe6 39. Rc4 Nd4 40. Nxd4 Rxd4 41. Be3 Rxc4 42. dxc4 Rd8 43. Rxd8+ Bxd8 44. Bxc5 Qd7 45. Kh2 Qd2 46. Qf5 Kg7 47. Be3 Qd6 48. Qc8 Qd3 49. c5 h3 50. gxh3 Be7 51. Qb7 Kf8 52. Qd5 1-0


[Site "https://www.chess.com"]

[Event "Titled Tuesday Blitz November 15 Early 2022"]
[White "Abhishek, Das"]
[Black "Thorhallsson, Simon"]
[WhiteFideId "5013348"]
[BlackFideId "2310090"]
[WhiteElo "2230"]
[BlackElo "2109"]
[Result "0-1"]
[Round "07"]
[TimeControl "180+1"]
[Date "2022.11.16"]
[WhiteClock "0:00:03"]
[BlackClock "0:00:07"]

1. e4 c5 2. Nc3 a6 3. Nf3 d6 4. d4 cxd4 5. Nxd4 Nf6 6. a4 e5 7. Nf3 Be7 8. Bg5 Be6 9. Bxf6 Bxf6 10. Nd5 Nc6 11. Bc4 O-O 12. c3 Rc8 13. O-O Kh8 14. Qe2 Be7 15. Rfd1 f5 16. exf5 Bxf5 17. Nd2 Qe8 18. Ne4 Rd8 19. Ng3 Bc8 20. Qh5 Qxh5 21. Nxh5 Bg4 22. Ng3 Bxd1 23. Rxd1 Bh4 24. Ne4 Ne7 25. Ne3 d5 26. Nxd5 Nxd5 27. Bxd5 b6 28. c4 a5 29. g3 Bf6 30. Kg2 Be7 31. b3 Bb4 32. f3 Rd7 33. Nf2 g6 34. Ng4 Re7 35. Be4 Rff7 36. Rd5 Kg7 37. Ne3 Bc5 38. Nd1 Bd4 0-1


[Site "https://www.chess.com"]

[Event "Titled Tuesday Blitz November 15 Early 2022"]
[White "Acor, Corey"]
[Black "Besedes, Danilo"]
[WhiteFideId "2024861"]
[BlackFideId "946796"]
[WhiteElo "2340"]
[BlackElo "2352"]
[Result "1-0"]
[Round "07"]
[TimeControl "180+1"]
[Date "2022.11.16"]
[WhiteClock "0:00:10"]
[BlackClock "0:00:13"]

1. e4 e6 2. d3 d5 3. Nd2 Nc6 4. g3 Nf6 5. Bg2 e5 6. Ngf3 Bc5 7. O-O O-O 8. b3 Re8 9. Bb2 a5 10. a3 Bg4 11. h3 Bh5 12. exd5 Nxd5 13. Re1 f6 14. Ne4 Bf8 15. Qd2 Qd7 16. g4 Bf7 17. d4 exd4 18. Nxd4 Rad8 19. Nxc6 Qxc6 20. Rad1 Be7 21. Ng3 Qc5 22. Qc1 c6 23. Nf5 Bf8 24. Rxe8 Rxe8 25. c4 Nc7 26. Rd7 Ne6 27. Rxb7 Ng5 28. Kf1 a4 29. Bd4 Qxa3 30. Qxa3 Bxa3 31. Bxc6 Rc8 32. Bxa4 Ne4 33. Ne7+ Bxe7 34. Rxe7 Nd2+ 35. Ke2 Nb1 36. Bb2 Rd8 37. Rd7 Rb8 38. Kd3 Bg6+ 39. Ke2 Bf7 40. Kd1 Bg6 41. Kc1 Re8 42. Rxg7+ Kxg7 43. Bxe8 Bxe8 44. Kxb1 Bc6 45. g5 Kf7 46. Bxf6 Bg2 47. h4 Ke6 48. Kc2 Kd6 49. Kc3 Kc5 50. b4+ Kc6 51. b5+ Kb6 52. Bd4+ Ka5 53. Kd3 Bf1+ 54. Kc3 Be2 55. Bf6 Bg4 56. Bd8+ Ka4 57. b6 Bf3 58. Kd4 Ka5 59. c5 Ka6 60. Be7 Kb7 61. Ke5 Kc6 62. Kf6 Be4 63. h5 Kd7 64. g6 hxg6 65. hxg6 Bd5 66. g7 Ke8 67. b7 Kd7 68. b8=Q Bg8 69. Qd6+ Kc8 70. Qc6+ Kb8 71. Bd6+ Ka7 72. Qb6+ Ka8 73. Qb8# 1-0


[Site "https://www.chess.com"]

[Event "Titled Tuesday Blitz November 15 Early 2022"]
[White "Aggelis, Nikolaos"]
[Black "Hambleton, Aman"]
[WhiteFideId "4213220"]
[BlackFideId "2606577"]
[WhiteElo "2189"]
[BlackElo "2538"]
[Result "0-1"]
[Round "07"]
[TimeControl "180+1"]
[Date "2022.11.16"]
[WhiteClock "0:00:16"]
[BlackClock "0:00:18"]

1. Nf3 b6 2. g3 g6 3. Bg2 Bb7 4. O-O Bg7 5. d4 e6 6. c4 Nf6 7. b3 O-O 8. Bb2 d6 9. Nbd2 Nbd7 10. Qc2 c5 11. Rfd1 Qe7 12. e3 Rfd8 13. d5 exd5 14. Ne1 Rab8 15. cxd5 Nxd5 16. Bxg7 Kxg7 17. Ne4 N7f6 18. Qb2 Qe5 19. Nd3 Qxb2 20. Nxb2 Nxe4 21. Bxe4 Nc3 22. Bxb7 Nxd1 23. Rxd1 Rxb7 24. e4 d5 25. e5 f6 26. exf6+ Kxf6 27. f3 Re7 28. Kf2 g5 29. Rd2 b5 30. Nd3 Rc7 31. Rc2 c4 32. Nb4 d4 33. Rd2 c3 34. Rd1 c2 35. Rc1 d3 0-1


[Site "https://www.chess.com"]

[Event "Titled Tuesday Blitz November 15 Early 2022"]
[White "Ahn, Hongjin"]
[Black "Rohith Krishna S"]
[WhiteFideId "13201492"]
[BlackFideId "46617051"]
[WhiteElo "2182"]
[BlackElo "2270"]
[Result "0-1"]
[Round "07"]
[TimeControl "180+1"]
[Date "2022.11.16"]
[WhiteClock "0:00:02"]
[BlackClock "0:00:35"]

1. c4 Nf6 2. Nc3 e6 3. e3 d5 4. Nf3 c5 5. d4 cxd4 6. exd4 Nc6 7. c5 Be7 8. Bg5 h6 9. Bh4 O-O 10. Bd3 b6 11. cxb6 Qxb6 12. Qe2 Nxd4 13. Nxd4 Qxd4 14. Bg3 Qb6 15. O-O a5 16. Na4 Qb4 17. b3 Bd7 18. Nb2 Rfc8 19. Rac1 Qa3 20. Bb1 Qb4 21. Nd3 Qb6 22. Qb2 Bb5 23. Rcd1 a4 24. Kh1 Qa6 25. Rfe1 Bf8 26. Bh4 Ne4 27. Ne5 Nc3 28. Rc1 Nxb1 29. Qxb1 Ba3 30. Rxc8+ Rxc8 31. Qd1 axb3 32. axb3 Qa5 33. f4 Qb4 34. Qg4 Bb2 35. Nxf7 Qxe1+ 36. Bxe1 Rc1 37. Qh5 Rxe1# 0-1


[Site "https://www.chess.com"]

[Event "Titled Tuesday Blitz November 15 Early 2022"]
[White "Al-Tarboush, Ward"]
[Black "Zanette, Edgard Vinicius"]
[WhiteFideId "7601450"]
[BlackFideId "2109263"]
[WhiteElo "2273"]
[BlackElo "2211"]
[Result "0-1"]
[Round "07"]
[TimeControl "180+1"]
[Date "2022.11.16"]
[WhiteClock "0:00:57"]
[BlackClock "0:00:23"]

1. e4 c5 2. Nf3 d6 3. d4 cxd4 4. Nxd4 Nf6 5. Nc3 a6 6. h3 e5 7. Nde2 Be7 8. g4 h6 9. Bg2 Nbd7 10. O-O Nc5 11. Ng3 b5 12. Nf5 Bxf5 13. exf5 Rc8 14. Be3 b4 15. Nd5 Nxd5 16. Qxd5 Qc7 17. Rad1 O-O 18. Kh1 Na4 19. Rd2 Nxb2 20. f4 Nc4 21. Re2 Nxe3 22. Rxe3 exf4 23. Rd3 Qxc2 24. Be4 Qc4 25. f6 Qxd5 26. Rxd5 Bxf6 27. Rxd6 a5 28. Ra6 Rc5 29. Kg2 Bg5 30. Bb1 g6 31. Ra7 Rd8 32. h4 Rd2+ 33. Kg1 Bxh4 34. Ra8+ Kg7 35. Rxf4 Rc1+ 36. Rf1 Bf2+ 37. Kg2 Be3+ 38. Kf3 Rxf1+ 39. Kxe3 Rd7 0-1


[Site "https://www.chess.com"]

[Event "Titled Tuesday Blitz November 15 Early 2022"]
[White "Aldokhin, Ivan"]
[Black "Fiedorek, Michal"]
[WhiteFideId "24115720"]
[BlackFideId "1199528"]
[WhiteElo "2313"]
[BlackElo "2201"]
[Result "0-1"]
[Round "07"]
[TimeControl "180+1"]
[Date "2022.11.16"]
[WhiteClock "0:00:00"]
[BlackClock "0:00:05"]

1. d4 Nf6 2. c4 e6 3. Nc3 Bb4 4. f3 c5 5. a3 Bxc3+ 6. bxc3 O-O 7. e4 d6 8. Be3 b6 9. Bd3 e5 10. Ne2 Nc6 11. O-O Ba6 12. h3 Rc8 13. f4 cxd4 14. cxd4 Nxd4 15. fxe5 dxe5 16. Bg5 Rc6 17. Nc3 Rd6 18. Nd5 Kh8 19. Ra2 Bb7 20. Bxf6 gxf6 21. Raf2 Bxd5 22. exd5 Qe7 23. Qh5 e4 24. Bb1 f5 25. Rxf5 Nxf5 26. Qxf5 Rg6 27. Bxe4 Rfg8 28. Qf4 R6g7 29. d6 Qd8 30. Bd5 Qd7 31. Rd1 Qxh3 32. Rd2 Qxa3 33. d7 Qe7 34. Bf3 Rd8 35. Qf5 f6 36. Rd1 Rxd7 37. Rxd7 Qxd7 38. Qxf6 Qe7 39. Qd4 Qe1+ 40. Kh2 Qe7 41. Kh1 a5 42. Bd5 a4 43. Qxb6 Qe8 44. Qd4 a3 45. c5 Qd8 46. c6 Qc7 47. Qe4 Re7 48. Qd4+ Rg7 49. Qe4 Qe7 50. Qd4 Qd8 51. Qc4 Qc7 52. Qd4 Qd8 53. Qc3 Qc7 54. Qd4 Qd6 55. Qc4 h6 56. Qe4 a2 57. Qe8+ Kh7 58. Be4+ Rg6 59. Bxg6+ Qxg6 60. Qd7+ Qg7 61. Qf5+ Qg6 62. Qd7+ Qg7 63. Qd3+ Qg6 0-1


[Site "https://www.chess.com"]

[Event "Titled Tuesday Blitz November 15 Early 2022"]
[White "Alekseenko, Kirill"]
[Black "Zemlyanskii, Ivan"]
[WhiteFideId "4135539"]
[BlackFideId "24249971"]
[WhiteElo "2682"]
[BlackElo "2107"]
[Result "1-0"]
[Round "07"]
[TimeControl "180+1"]
[Date "2022.11.15"]
[WhiteClock "0:00:41"]
[BlackClock "0:00:02"]

1. e4 c5 2. Nf3 d6 3. d4 cxd4 4. Nxd4 Nf6 5. Nc3 a6 6. Be2 e5 7. Nb3 Be7 8. O-O O-O 9. Kh1 b6 10. Bg5 Nbd7 11. a4 Bb7 12. f3 Rc8 13. Qd2 Qc7 14. Rfd1 Rfe8 15. Qe1 h6 16. Be3 Nh5 17. Qf2 Nf4 18. Bf1 Ne6 19. Qe1 Nf6 20. Qf2 Nd7 21. Qg1 Bg5 22. Bf2 Be7 23. Nc1 Bd8 24. Nd3 Ndc5 25. Nb4 Bg5 26. Nbd5 Qd8 27. Ra3 Bf6 28. Nxf6+ gxf6 29. Be3 Kh7 30. Qf2 Rg8 31. Raa1 Qe7 32. Nd5 Bxd5 33. Rxd5 Qc7 34. b3 Rcd8 35. Rad1 Nd7 36. Rxd6 Ndc5 37. R6d5 1-0


[Site "https://www.chess.com"]

[Event "Titled Tuesday Blitz November 15 Early 2022"]
[White "Alfaro, William"]
[Black "Lohani, Sujana"]
[WhiteFideId "6100457"]
[BlackFideId "12311987"]
[WhiteElo "2096"]
[BlackElo "1691"]
[Result "1-0"]
[Round "07"]
[TimeControl "180+1"]
[Date "2022.11.16"]
[WhiteClock "0:01:10"]
[BlackClock "0:00:03"]

1. e4 g6 2. d4 Bg7 3. Nc3 d6 4. Be3 c6 5. Qd2 b5 6. a3 a6 7. f3 Nd7 8. g4 Qb6 9. h4 h5 10. g5 e6 11. d5 c5 12. dxe6 fxe6 13. O-O-O Ke7 14. Nh3 Ne5 15. Be2 Rb8 16. f4 Nc4 17. Bxc4 bxc4 18. b4 cxb3 19. cxb3 Kf7 20. b4 Ne7 21. f5 gxf5 22. exf5 Nxf5 23. g6+ Ke8 24. Ne4 Nxe3 25. Nxd6+ Ke7 26. Qxe3 1-0


[Site "https://www.chess.com"]